 Dungeon Crawl Stone Soup version 0.30.0-29-ga12c61a403 (webtiles) character file.

Game seed: 14372761214661798541

96 qw the Chopper (level 4, -3/28 HPs)
             Began as a Gargoyle Fighter on June 4, 2023.
             Slain by a gnoll
             ... wielding a +0 spear
              (5 damage)
             ... on level 3 of the Dungeon.
             The game lasted 00:00:58 (1277 turns).

qw the Chopper (Gargoyle Fighter)                   Turns: 1277, Time: 00:00:59

Health: -3/28      AC: 10    Str: 22    XL:     4   Next: 67%
Magic:  4/4        EV:  9    Int:  8    God:
Gold:   24         SH:  9    Dex:  9    Spells: 3/3 levels left

rFire   . . .        Y - +0 war axe
rCold   . . .        c - +0 buckler
rNeg    + . .        b - +0 scale mail
rPois   inf          (no helmet)
rElec   +            (no cloak)
rCorr   .            (no gloves)
SInv    .            (no boots)
Will    .....        f - amulet of reflection Stlth
                     (no ring)
HPRegen 0.24/turn    (no ring)
MPRegen 0.09/turn

%: reflection
@: no status effects
A: sickness immunity, AC +3, negative energy resistance 1, electricity
resistance, torment resistance 1, petrification resistance
a: no special abilities


You were on level 3 of the Dungeon.
You visited 1 branch of the dungeon, and saw 3 of its levels.

You collected 40 gold pieces.
You spent 16 gold pieces at shops.


Innate Abilities, Weirdness & Mutations

You are immune to sickness and miasma.
Your stone body is resilient. (AC +3)
You are immune to poison.
You resist negative energy. (rN+)
You are resistant to electric shocks. (rElec)
You are resistant to unholy torment.
You are immune to petrification.


   Skills:
 - Level 3.2 Fighting
 + Level 4.3 Axes
 - Level 3.2 Armour
 - Level 3.2 Shields


You had 3 spell levels left.
You didn't know any spells.
Your spell library was empty.

Inventory:

Hand Weapons
 j - a +0 demon whip
 Y - a +0 war axe (weapon)
Armour
 b - a +0 scale mail (worn)
 c - a +0 buckler (worn)
Jewellery
 f - an amulet of reflection (around neck)
Scrolls
 g - a scroll of poison {unknown}
Potions
 a - a potion of lignification
 d - 2 potions of might
 e - a potion of curing
 h - a potion of heal wounds {unknown}
 k - a potion of brilliance {unknown}

Dungeon Overview and Level Annotations

Branches:
Dungeon (3/15)

Altars:

Shops:
D:1 *


Message History

The ball python constricts you.
A bat comes into view.
You block the ball python's attack. The ball python constricts you.
You closely miss the ball python.
The gnoll shouts!
You hit the bat.
You kill the bat!
A gnoll comes into view. It is wielding a +0 halberd.
The gnoll hits you from afar with a +0 spear.
The ball python bites you but does no damage.
The ball python constricts you.
The gnoll hits you from afar with a +0 spear.
Your Axes skill increases to level 4!
You closely miss the ball python.
The ball python bites you but does no damage.
The ball python constricts you. The gnoll closely misses you.
The ball python closely misses you. The ball python constricts you.
You slash the ball python!
You kill the ball python!
You slash the iguana! You block the gnoll's attack. The iguana bites you!
You slash the iguana!
You kill the iguana!
You block the gnoll's attack. The gnoll closely misses you.
You block the gnoll's attack.
You barely miss the gnoll.
The gnoll hits you from afar with a +0 halberd.
The gnoll hits you but does no damage.
You completely miss the gnoll. You block the gnoll's attack.
The gnoll barely misses you. x2
You hit the gnoll.
The gnoll is heavily wounded.
You block the gnoll's attack.
The gnoll hits you from afar with a +0 spear.
You block the gnoll's attack.
You closely miss the gnoll.
The gnoll is heavily wounded.
The gnoll hits you from afar with a +0 halberd.
The gnoll hits you from afar with a +0 spear.
You die...

####....### #
####.# # #.#
#############.#
..........##.# #
#.##.........#
#.#.##.........#
###....g..#####..#
.....g.@..#P..#..#
###..g%%..#P..#..#
#.#.##..#PbP#..#
.. #.....#####..#
# # .#..........#
.............# #
##.#####.. .#


You could see 3 gnolls.

Vanquished Creatures
  An iguana (D:3)
  2 adders
  A worm (D:2)
  9 ball pythons
  4 endoplasms
  2 giant cockroaches (D:1)
  3 goblins
  4 hobgoblins (D:1)
  3 jackals (D:1)
  2 quokkas (D:2)
  5 bats
  2 frilled lizards
  5 kobolds
  9 rats
52 creatures vanquished.

Vanquished Creatures (others)
  A quokka (D:3)
1 creature vanquished.

Grand Total: 53 creatures vanquished

Notes
Turn   | Place    | Note
-------+----------+-------------------------------------------
     0 | D:1      | qw the Gargoyle Fighter began the quest for the Orb.
     0 | D:1      | Reached XP level 1. HP: 14/14 MP: 1/1
     0 | D:1      | 0 ||| qw: Version: 0.2-a-107-g4668610
     0 | D:1      | 0 ||| qw: Game counter: 1263
     0 | D:1      | 0 ||| qw: Always use a shield: true
     0 | D:1      | 0 ||| qw: God list: Okawaru
     0 | D:1      | 0 ||| qw: Allow faded altars: false
     0 | D:1      | 0 ||| qw: Do Orc after D:15 true
     0 | D:1      | 0 ||| qw: Do second Lair branch before Depths: true
     0 | D:1      | 0 ||| qw: Lair rune preference: random
     0 | D:1      | 0 ||| qw: Plans: Normal, Zot:1-4, Slime:5, God:TSO, Crypt,
                  | Tomb, Abyss, Pan, Hells, Win
     0 | D:1      | 0 ||| PLANNING D:1-11
    10 | D:1      | You fall into a shaft and drop 1 floor!
    56 | D:2      | Reached skill level 2 in Axes
   107 | D:2      | 107 ||| READING scroll labelled WUROKICHEDD.
   123 | D:1      | Reached XP level 2. HP: 19/19 MP: 2/2
   202 | D:1      | Found a faded altar of an unknown god.
   203 | D:1      | 203 ||| Stepping ~*~*~tactically~*~*~ (stealth).
   205 | D:1      | 205 ||| Stepping ~*~*~tactically~*~*~ (stealth).
   207 | D:1      | 207 ||| Stepping ~*~*~tactically~*~*~ (stealth).
   297 | D:1      | Reached skill level 3 in Axes
   358 | D:1      | Reached XP level 3. HP: 23/23 MP: 3/3
   506 | D:1      | 506 ||| Stepping ~*~*~tactically~*~*~ (hiding).
   513 | D:1      | 513 ||| FLEEEEING.
   515 | D:1      | 515 ||| FLEEEEING.
   516 | D:1      | 516 ||| FLEEEEING.
   525 | D:1      | 525 ||| DROPPING +0 whip.
   528 | D:1      | Found Qid Iki's Assorted Antiques.
   537 | D:1      | 537 ||| SHOPLISTING agate ring (90 gold, have 19).
   537 | D:1      | 537 ||| SHOPLISTING coral ring (90 gold, have 19).
   537 | D:1      | 537 ||| BUYING cyan potion (16 gold).
   537 | D:1      | Bought a cyan potion for 16 gold pieces
   537 | D:1      | 537 ||| SHOPLISTING glowing morningstar (126 gold, have 3).
   537 | D:1      | 537 ||| SHOPLISTING scroll labelled JIAJILL BIZIM (18 gold,
                  | have 3).
   537 | D:1      | 537 ||| SHOPLISTING scroll labelled LUR GAWUSKEU (18 gold,
                  | have 3).
   788 | D:1      | 788 ||| UPGRADING to amulet of regeneration.
   793 | D:1      | 793 ||| READING scroll labelled DOECWORO JASM.
   794 | D:1      | 794 ||| READING scroll labelled GALAUFENKE.
   795 | D:1      | 795 ||| READING scroll labelled CEFFUSHE VOZO.
   799 | D:1      | 799 ||| DRINKING 2 cyan potions.
   987 | D:2      | 987 ||| STAIRDANCE
  1152 | D:2      | 1152 ||| UPGRADING to amulet of reflection.
  1162 | D:2      | 1162 ||| DROPPING amulet of regeneration.
  1163 | D:2      | 1163 ||| DRINKING 2 viscous yellow potions.
  1229 | D:3      | Reached XP level 4. HP: 28/28 MP: 4/4
  1238 | D:3      | 1238 ||| Stepping ~*~*~tactically~*~*~ (stealth).
  1239 | D:3      | 1239 ||| Stepping ~*~*~tactically~*~*~ (stealth).
  1265 | D:3      | 1265 ||| Stepping ~*~*~tactically~*~*~ (stealth).
  1271 | D:3      | Reached skill level 4 in Axes
  1274 | D:3      | HP: 7/28 [gnoll/+0 halberd (4)]
  1276 | D:3      | HP: 3/28 [gnoll/+0 spear (5)]
  1277 | D:3      | Slain by a gnoll

Levels and vault maps discovered:
D:1:      saegor_arrival_miasma, layout_rooms,
          nicolae_ecumenical_snake_handling, serial_shops, shop,
          columned_hall_lemuel, kennysheep_small_spiral
D:2:      layout_rooms
D:3:      layout_loops_ring, elyvilon_altar_4, serial_aquarium,
          aquarium_bridge_square [aquarium_subvault_bridge,
          aquarium_subvault_window, aquarium_subvault_bridge,
          aquarium_subvault_window], aquarium_window_1, aquarium_window_1,
          aquarium_view_2c, aquarium_pool_2, grunt_decor_mini_mirrors

Skill      XL: |  1  2  3  4 |
---------------+-------------+-----
Axes           | 2 3 4 |  4.3
Fighting       | |  3.2
Armour         | |  3.2
Shields        | |  3.2

Action                     |  1- 3 |  4- 6 || total
---------------------------+-------+-------++-------
  Melee: War axe           |   163 |    15 ||   178
    Use: Scroll            |     4 |       ||     4
         Potion            |     2 |       ||     2
 Armour: Scale mail        |    96 |     8 ||   104
  Dodge: Dodged            |   100 |     5 ||   105
  Block: Buckler           |    45 |    10 ||    55

Table legend:
 A = Non-vault XP
 B = Vault XP
 C = Vault XP percentage of total XP
 D = Non-vault monster count
 E = Vault monster count
 F = Vault count percentage of total count
                 A         B        C        D         E       F
            +---------+---------+-------+---------+---------+-------
      Total |     133 |       5 |   3.6 |      49 |       3 |   5.8
            +---------+---------+-------+---------+---------+-------
        D:1 |      54 |       5 |   8.5 |      29 |       3 |   9.4
        D:2 |      22 |       0 |   0.0 |      13 |       0 |   0.0
        D:3 |      57 |       0 |   0.0 |       7 |       0 |   0.0
            +---------+---------+-------+---------+---------+-------
